 Dungeon Crawl Stone Soup version 0.29.1-13-g9f3cf754e1 (webtiles) character file.

Game seed: 1296937918954798559

88442 LustLizard the Thaumaturge (level 15, -2/120 HPs)
             Began as a Gnoll Wanderer on Jan 24, 2023.
             Was a High Priest of Cheibriados.
             Slain by a sun demon (6 damage)
             ... summoned by an orc high priest
             ... on level 2 of the Orcish Mines.
             The game lasted 01:17:36 (32375 turns).

LustLizard the Thaumaturge (Gnoll Wanderer)        Turns: 32375, Time: 01:17:36

Health: -2/120     AC: 26    Str: 24    XL:     15   Next: 94%
Magic:  33/33      EV: 20    Int: 27    God:    Cheibriados [*****.]
Gold:   1271       SH:  0    Dex: 33    Spells: 22/42 levels left

rFire   . . .      SeeInvis .   Y - +5 longbow (freeze)
rCold   . . .      Faith    .   (shield currently unavailable)
rNeg    . . .      Spirit   .   D - +2 chain mail {rPois}
rPois   +          Reflect  .   e - +1 helmet
rElec   .          Harm     .   W - +2 cloak
rCorr   .          Rampage  .   T - +2 pair of gloves
Will    +....                   S - +2 pair of boots {Stlth+}
Stlth   ++++......              (no amulet)
HPRegen 0.30/turn               L - +4 ring of slaying
MPRegen 0.23/turn               o - ring of wizardry

@: about to teleport, studying 2 skills, very slow
A: fangs 1, strong nose, distributed training
a: Renounce Religion, Bend Time, Temporal Distortion, Slouch, Step From Time


You were on level 2 of the Orcish Mines.
You worshipped Cheibriados.
Cheibriados was extremely pleased with you.
You visited 4 branches of the dungeon, and saw 23 of its levels.
You also visited: Bailey and Volcano.

You collected 3431 gold pieces.
You spent 2160 gold pieces at shops.

Inventory:

Hand Weapons
 P - the +1 halberd of Fortitude {vamp, Will+ Dex+3}
   (You took it off a tengu warrior on level 13 of the Dungeon)

   It occasionally heals its wielder for a portion of the damage dealt when it
   wounds a living foe.
   Dex:       It affects your dexterity (+3).
   Will:      It increases your willpower.
 Y - a +5 longbow of freezing (weapon)
Missiles
 b - 16 atropa-tipped darts
 j - 2 throwing nets
 x - 52 poisoned darts
 z - 24 boomerangs
 R - 10 curare-tipped darts
Armour
 e - a +1 helmet (worn)
 p - +0 fire dragon scales
 D - a +2 chain mail of poison resistance (worn)
 S - a +2 pair of boots of stealth (worn)
 T - a +2 pair of gloves (worn)
 W - a +2 cloak (worn)
Jewellery
 l - a ring of protection from cold
 o - a ring of wizardry (right hand)
 y - a ring of poison resistance
 B - a ring of resist corrosion
 L - a +4 ring of slaying (left hand)
Wands
 k - a wand of roots (18)
 u - a wand of quicksilver (10)
 G - a wand of paralysis (11)
 K - a wand of flame (33)
 N - a wand of mindburst (12)
 V - a wand of polymorph (14)
 Z - a wand of digging (15)
Scrolls
 d - 2 scrolls of fear
 f - 4 scrolls of magic mapping
 h - 3 scrolls of amnesia
 q - 6 scrolls of poison
 r - 3 scrolls of fog
 E - 2 scrolls of immolation
 J - 3 scrolls of silence
 Q - 5 scrolls of teleportation
 X - a scroll of summoning
Potions
 a - a potion of magic
 c - a potion of heal wounds
 m - 3 potions of ambrosia
 n - 12 potions of flight
 s - 10 potions of curing
 t - 3 potions of lignification
 w - a potion of might
 C - 6 potions of brilliance
 H - 3 potions of invisibility
 M - 4 potions of berserk rage
 O - 5 potions of mutation
 U - 2 potions of cancellation
Miscellaneous
 g - a tin of tremorstones (2/2)


   Skills:
 + Level 11.7 Fighting
 + Level 10.8 Short Blades
 + Level 10.8 Long Blades
 + Level 10.8 Axes
 + Level 10.8 Maces & Flails
 + Level 10.8 Polearms
 + Level 10.8 Staves
 + Level 12.8 Ranged Weapons
 + Level 10.8 Throwing
 + Level 10.8 Armour
 + Level 12.2 Dodging
 + Level 12.3 Stealth
 + Level 10.8 Shields
 + Level 10.8 Unarmed Combat
 + Level 14.0 Spellcasting
 + Level 9.1 Conjurations
 + Level 9.1 Hexes
 + Level 9.1 Summonings
 + Level 9.1 Necromancy
 + Level 9.1 Translocations
 + Level 9.1 Transmutations
 + Level 9.1 Fire Magic
 + Level 9.1 Ice Magic
 + Level 9.1 Air Magic
 + Level 9.1 Earth Magic
 + Level 9.1 Poison Magic
 + Level 12.1 Invocations
 + Level 10.8 Evocations


You had 22 spell levels left.
You knew the following spells:

 Your Spells              Type           Power      Damage    Failure   Level
a - Sting                 Tmut/Pois      100%       1d8       1%          1
b - Ignite Poison         Fire/Tmut/Pois 62%        N/A       1%          3
c - Slow                  Hex            100%       N/A       1%          1
d - Summon Guardian Gole  Hex/Summ       62%        N/A       1%          3
e - Blink                 Tloc           100%       N/A       1%          2
f - Iskenderun's Mystic   Conj/Tloc      62%        2d13      1%          4
g - Starburst             Conj/Fire      31%        6d9       21%         6

Your spell library contained the following spells:

 Spells                   Type           Power      Damage    Failure   Level
 Sandblast                Erth           100%       2d20      1%          1
 Summon Small Mammal      Summ           100%       N/A       1%          1
 Ensorcelled Hibernation  Hex/Ice        100%       N/A       1%          2
 Passwall                 Tmut/Erth      51%        N/A       1%          2
 Static Discharge         Conj/Air       62%        3-11/arc  1%          2
 Call Canine Familiar     Summ           62%        N/A       1%          3
 Confusing Touch          Hex            62%        N/A       1%          3
 Conjure Flame            Conj/Fire      62%        6-21      1%          3
 Dazzling Flash           Conj/Hex       100%       N/A       1%          3
 Lesser Beckoning         Tloc           62%        N/A       1%          3
 Spider Form              Tmut/Pois      62%        N/A       1%          3
 Stone Arrow              Conj/Erth      100%       3d13      1%          3
 Vampiric Draining        Necr           62%        2d10      1%          3
 Anguish                  Hex/Necr       31%        N/A       1%          4
 Animate Armour           Summ/Erth      100%       N/A       1%          4
 Cause Fear               Hex            31%        N/A       1%          4
 Dispel Undead            Necr           62%        3d22      1%          4
 Passage of Golubria      Tloc           62%        N/A       1%          4
 Sticky Flame             Conj/Fire      62%        2d8       1%          4
 Fireball                 Conj/Fire      31%        3d13      4%          5
 Iskenderun's Battlesphe  Conj           62%        2d11      4%          5
 Manifold Assault         Tloc           62%        N/A       4%          5
 Silence                  Hex/Air        31%        N/A       4%          5
 Conjure Ball Lightning   Conj/Air       31%        3x3d10    21%         6
 Orb of Destruction       Conj           31%        9d10      71%         7
 Lehudib's Crystal Spear  Conj/Erth      31%        10d8      100%        8
 Chain Lightning          Conj/Air       31%        3d41      100%        9


Dungeon Overview and Level Annotations

Branches:
Dungeon (15/15)            Temple (1/1) D:5            Lair (5/5) D:9
 Shoals (0/4) Lair:3        Snake (0/4) Lair:3        Slime (0/5) Lair:4
    Orc (2/2) D:9             Elf (0/3) Orc:2        Vaults (0/5) D:14
 Bailey (visited)         Volcano (visited)
 Depths: D:15

Altars:
Ashenzari
Cheibriados
Dithmenos
Elyvilon
Fedhas
Gozag
Hepliaklqana
Kikubaaqudgha
Makhleb
Nemelex Xobeh
Okawaru
Qazlal
Ru
Sif Muna
Trog
Uskayaw
Vehumet
Wu Jian
Xom
Yredelemnul
Zin
The Shining One
Jiyva

Shops:
D:1 [   D:3 (!*   D:4 *:   D:5 (   D:11 =   Orc:1 :!

Annotations:
D:4 Dowan
D:7 Joseph
D:10 2 transporters, Erolcha; cheesebisquit's ghost, novice MiHu
D:14 exclusion: 2 vault guards


Innate Abilities, Weirdness & Mutations

You have very sharp teeth.
Your uncanny sense of smell can sniff out nearby items.
Your experience applies equally to all skills.


Message History

The ice devil is severely wounded.
The ice devil barely misses you.
Fire: Y) +5 longbow (freeze)
Press: ? - help, Q - select action, (/) - cycle Shift-Dir - straight line, f/p - ice devil
Aim: an ice devil (severely wounded, summoned, 78% to hit)
You shoot an arrow. The arrow barely misses the ice devil.
Unknown command.
Fire: Y) +5 longbow (freeze)
Press: ? - help, Q - select action, (/) - cycle Shift-Dir - straight line, f/p - ice devil
Aim: an ice devil (severely wounded, summoned, 78% to hit)
You shoot an arrow.
The arrow hits the sun demon but does no damage.
Your attack snaps the sun demon out of its fear.
The sun demon completely misses you.
Fire: Y) +5 longbow (freeze)
Press: ? - help, Q - select action, (/) - cycle Shift-Dir - straight line, f/p - ice devil
Aim: an ice devil (severely wounded, summoned, 78% to hit)
You shoot an arrow. The arrow closely misses the sun demon.
The arrow hits the ice devil!
The ice devil is almost dead.
The sun demon hits you but does no damage.
The orc high priest hits you but does no damage.
The ice devil hits you but does no damage.
The sun demon hits you but does no damage.
As you read the scroll of teleportation, it crumbles to dust.
You feel strangely unstable.
The orc high priest hits you but does no damage.
The sun demon misses you. The ice devil misses you.
You feel much better. The sun demon hits you!!
You are engulfed in flames!
* * * LOW HITPOINT WARNING * * *
The orc high priest hits you from afar with a +0 halberd.
* * * LOW HITPOINT WARNING * * *
The ice devil hits you but does no damage.
The ice devil attacks as you move away! The ice devil barely misses you.
The sun demon attacks as you move away! The sun demon hits you.
* * * LOW HITPOINT WARNING * * *
You are engulfed in flames!
* * * LOW HITPOINT WARNING * * *
The sun demon hits you.
You die...

#..................###
##.....#
##........)........#
##.....
#.................#
#.....
##....#..........##
##..#.
###.......).).#.# ∆ ∆
#.... #........)..#.#
∆ ....#..#.
....##......###∆
....#...#
#.###.......#
.....##.## #......@##
∆∆∆.÷÷.÷ ###
....#.43.# .÷...#
....##..o## #))..# ...
#..))##§.÷4.# ..
##..))))..# ##.....3##
##...### #####


You could see an orc high priest, a sun demon (summoned) and an ice devil
(summoned).

Vanquished Creatures
  Gastronok (Lair:3)
  An orc warlord (D:14)
  A fire dragon (D:14)
  Josephine (D:11)
  5 hydras
  4 boulder beetles
  2 centaur warriors
  Erica (D:8)
  5 two-headed ogres
  3 orc high priests
  3 tengu warriors
  A hell knight (Volcano)
  9 death yaks
  Nergalle (Orc:1)
  A salamander mystic (Volcano)
  3 skeletal warriors
  A wizard (D:14)
  A lindwurm (Lair:5)
  Pikel (D:4)
  A phantasmal warrior (D:15)
  3 deep elf pyromancers
  6 cyclopes
  7 orc knights
  2 ugly things
  2 wolf spiders (Lair:5)
  5 orc sorcerers
  A cyclops (shapeshifter) (D:11)
  12 elephants
  6 salamanders (Volcano)
  12 black mambas
  A guardian serpent (Lair:5)
  2 unseen horrors
  A gargoyle (D:12)
  23 cane toads
  10 komodo dragons
  An efreet (D:14)
  A yaktaur (D:15)
  A tengu conjurer (D:10)
  A freezing wraith (D:15)
  2 rime drakes
  A meliai (shapeshifter) (D:13)
  4 trolls
  3 hornets
  A meliai (D:11)
  A polar bear (Lair:5)
  9 blink frogs
  A snapping turtle (Lair:3)
  18 dream sheep
  Sigmund (D:6)
  A vampire (D:11)
  A shadow (D:11)
  7 wraiths
  6 basilisks
  A water elemental (D:15)
  15 wyverns
  24 yaks
  Grum (Lair:1)
  2 vampire mosquitoes (D:13)
  A redback (Lair:5)
  A redback simulacrum (D:15)
  Edmund (D:4)
  An acid dragon (D:11)
  Duvessa (D:4)
  22 water moccasins
  4 black bears
  30 orc warriors
  2 ice beasts
  2 ogres
  6 centaurs
  10 wolves
  2 phantoms (D:5)
  Blork the orc (D:6)
  7 kobold brigands
  6 bullfrogs
  3 necrophages
  3 gnoll sergeants
  A scorpion (D:7)
  A wight (D:7)
  13 killer bees
  2 electric eels (Lair:3)
  4 howler monkeys (D:8)
  3 hounds
  4 jellies
  A gnoll bouda (D:4)
  Crazy Yiuf (D:4)
  20 orc priests
  4 iguanas
  20 orc wizards
  2 human simulacra (D:9)
  16 gnolls
  6 adders
  A white imp (D:5)
  2 ufetubi
  A dart slug (D:1)
  54 orcs
  12 ball pythons
  A bat (D:1)
  13 endoplasms
  3 giant cockroaches
  9 goblins
  7 hobgoblins
  4 jackals
  3 quokkas
  A frilled lizard (D:2)
  36 kobolds
  3 rats
  A butterfly (Lair:1)
594 creatures vanquished.

Vanquished Creatures (collateral kills)
  A catoblepas (Lair:4)
1 creature vanquished.

Vanquished Creatures (others)
  A tengu warrior (D:10)
  Maggie (D:7)
  3 yaks
  A warg (D:9)
  A human (D:6)
  3 wights (D:7)
  An orc wizard (D:5)
  10 bushes (Lair:5)
  33 fungi
  138 plants
192 creatures vanquished.

Grand Total: 787 creatures vanquished

Notes
Turn   | Place    | Note
-------+----------+-------------------------------------------
     0 | D:1      | Reached skill level 9 in Spellcasting
     0 | D:1      | LustLizard the Gnoll Wanderer began the quest for the Orb.
     0 | D:1      | LustLizard set off with the following items: a +1 dagger, 2
                  | atropa-tipped darts, a datura-tipped dart, a scroll of
                  | fear, a +0 robe; and the following spell memorised: Sting;
                  | and the following spells available to memorise: Ignite
                  | Poison.
     0 | D:1      | Reached XP level 1. HP: 20/20 MP: 10/10
   456 | D:1      | Reached XP level 2. HP: 26/26 MP: 8/12
   545 | D:1      | Found Ijina's Antique Armour Shop.
   986 | D:1      | Reached XP level 3. HP: 31/31 MP: 9/13
  1164 | D:1      | Learned a level 3 spell: Ignite Poison
  1382 | D:2      | Found a faded altar of an unknown god.
  1417 | D:2      | Identified the +3 leather armour "Qocluh" {Harm rF+ rCorr
                  | Str+6}
  1947 | D:2      | Reached skill level 1 in Short Blades
  1947 | D:2      | Reached skill level 1 in Long Blades
  1947 | D:2      | Reached skill level 1 in Axes
  1947 | D:2      | Reached skill level 1 in Maces & Flails
  1947 | D:2      | Reached skill level 1 in Polearms
  1947 | D:2      | Reached skill level 1 in Staves
  1947 | D:2      | Reached skill level 1 in Ranged Weapons
  1947 | D:2      | Reached skill level 1 in Throwing
  1947 | D:2      | Reached skill level 1 in Armour
  1947 | D:2      | Reached skill level 1 in Dodging
  1947 | D:2      | Reached skill level 1 in Shields
  1947 | D:2      | Reached skill level 1 in Unarmed Combat
  1947 | D:2      | Reached skill level 1 in Evocations
  2097 | D:2      | Reached XP level 4. HP: 33/38 MP: 9/15
  2309 | D:2      | Reached skill level 1 in Conjurations
  2309 | D:2      | Reached skill level 1 in Hexes
  2309 | D:2      | Reached skill level 1 in Summonings
  2309 | D:2      | Reached skill level 1 in Necromancy
  2309 | D:2      | Reached skill level 1 in Translocations
  2309 | D:2      | Reached skill level 1 in Transmutations
  2309 | D:2      | Reached skill level 1 in Fire Magic
  2309 | D:2      | Reached skill level 1 in Ice Magic
  2309 | D:2      | Reached skill level 1 in Air Magic
  2309 | D:2      | Reached skill level 1 in Earth Magic
  2309 | D:2      | Reached skill level 1 in Poison Magic
  2764 | D:3      | Found Aczidowk's Distillery.
  2831 | D:3      | Found Noptil's Antique Weapon Boutique.
  2996 | D:3      | Reached XP level 5. HP: 43/43 MP: 14/16
  3155 | D:3      | Found Xympi's General Store.
  3160 | D:3      | Bought a scroll of identify for 26 gold pieces
  3816 | D:4      | Learned a level 1 spell: Slow
  4031 | D:4      | Noticed a lemure
  4033 | D:4      | Noticed a lemure
  4034 | D:4      | Reached XP level 6. HP: 37/50 MP: 11/18
  4138 | D:4      | Found a runed translucent door.
  4139 | D:4      | Noticed Crazy Yiuf
  4167 | D:4      | Found an opulent altar of Gozag.
  4169 | D:4      | Found Gozag's Platinum Reserve.
  4169 | D:4      | Noticed Edmund
  4187 | D:4      | Killed Edmund
  4188 | D:4      | Reached skill level 5 in Fighting
  4310 | D:5      | Entered Level 5 of the Dungeon
  4369 | D:5      | Found Sachaff's Hydra Hut.
  4373 | D:5      | Noticed a four-headed hydra
  4373 | D:5      | Noticed an ice beast
  4387 | D:5      | Killed an ice beast
  4523 | D:5      | Reached XP level 7. HP: 56/56 MP: 16/20
  4803 | D:4      | Found Dupseuss's Self-Improvement Boutique.
  4903 | D:4      | Noticed Dowan
  4904 | D:4      | Noticed Duvessa
  4915 | D:4      | Killed Duvessa
  5613 | D:4      | Noticed Pikel
  5626 | D:4      | Killed Pikel
  5627 | D:4      | Reached XP level 8. HP: 64/64 MP: 16/21
  5719 | D:5      | Reached skill level 10 in Spellcasting
  6093 | D:5      | Found a staircase to the Ecumenical Temple.
  6107 | Temple   | Entered the Ecumenical Temple
  6269 | Temple   | Became a worshipper of Cheibriados the Contemplative
  6517 | D:5      | Found a shadowy altar of Dithmenos.
  6591 | D:5      | Reached skill level 5 in Invocations
  6688 | D:5      | Learned a level 3 spell: Summon Guardian Golem
  6769 | D:5      | Reached XP level 9. HP: 32/69 MP: 14/23
  7543 | D:6      | Noticed Blork the orc
  7554 | D:6      | Killed Blork the orc
  7690 | D:6      | Noticed Sigmund
  7703 | D:6      | Killed Sigmund
  7820 | D:6      | Found an ancient bone altar of Kikubaaqudgha.
  7903 | D:6      | Reached * piety under Cheibriados
  8499 | D:7      | Noticed Maggie
  8513 | D:7      | Killed Maggie
  8915 | D:7      | You fall into a shaft and drop 1 floor!
  9239 | D:8      | Noticed a hornet
  9367 | D:7      | Noticed Joseph
  9891 | D:8      | Noticed a hornet
 10059 | D:8      | Killed a hornet
 10060 | D:8      | Reached skill level 5 in Short Blades
 10060 | D:8      | Reached skill level 5 in Long Blades
 10060 | D:8      | Reached skill level 5 in Axes
 10060 | D:8      | Reached skill level 5 in Maces & Flails
 10060 | D:8      | Reached skill level 5 in Polearms
 10060 | D:8      | Reached skill level 5 in Staves
 10060 | D:8      | Reached skill level 5 in Ranged Weapons
 10060 | D:8      | Reached skill level 5 in Throwing
 10060 | D:8      | Reached skill level 5 in Armour
 10060 | D:8      | Reached skill level 5 in Dodging
 10060 | D:8      | Reached skill level 5 in Shields
 10060 | D:8      | Reached skill level 5 in Unarmed Combat
 10060 | D:8      | Reached skill level 5 in Evocations
 10060 | D:8      | Reached XP level 10. HP: 59/77 MP: 13/24
 10140 | D:8      | Reached ** piety under Cheibriados
 10180 | D:8      | Noticed Erica
 10739 | D:8      | Found a hide-covered altar of Uskayaw.
 11391 | D:9      | Noticed a two-headed ogre
 11404 | D:9      | Killed a two-headed ogre
 11518 | D:9      | Found a flagged portal.
 11523 | Bailey   | Entered a bailey
 11576 | Bailey   | Reached *** piety under Cheibriados
 11724 | Bailey   | Identified the +7 chain mail "Boorchaje" {Harm}
 11806 | Bailey   | Found an iron altar of Okawaru.
 11806 | Bailey   | Noticed an orc knight
 11832 | Bailey   | Killed an orc knight
 11833 | Bailey   | Reached skill level 11 in Spellcasting
 12148 | Bailey   | Got the Disquisition on Gusts and Beguiling
 12253 | D:9      | Found a staircase to the Lair.
 12523 | D:9      | Reached skill level 5 in Conjurations
 12523 | D:9      | Reached skill level 5 in Hexes
 12523 | D:9      | Reached skill level 5 in Summonings
 12523 | D:9      | Reached skill level 5 in Necromancy
 12523 | D:9      | Reached skill level 5 in Translocations
 12523 | D:9      | Reached skill level 5 in Transmutations
 12523 | D:9      | Reached skill level 5 in Fire Magic
 12523 | D:9      | Reached skill level 5 in Ice Magic
 12523 | D:9      | Reached skill level 5 in Air Magic
 12523 | D:9      | Reached skill level 5 in Earth Magic
 12523 | D:9      | Reached skill level 5 in Poison Magic
 12523 | D:9      | Reached XP level 11. HP: 71/85 MP: 17/26
 12691 | D:9      | Found a sacrificial altar of Ru.
 12693 | D:9      | Found a shimmering altar of Xom.
 12699 | D:9      | Found a shimmering altar of Xom.
 12704 | D:9      | Found a shimmering altar of Xom.
 12705 | D:9      | Found a shimmering altar of Xom.
 12786 | D:9      | Noticed a two-headed ogre
 12790 | D:9      | Killed a two-headed ogre
 12847 | D:9      | Found a staircase to the Orcish Mines.
 13511 | D:8      | Killed Erica
 13978 | D:8      | Reached **** piety under Cheibriados
 14446 | D:4      | Killed Crazy Yiuf
 14573 | D:1      | Bought a spiked scale mail for 171 gold pieces
 14573 | D:1      | Identified the +0 scale mail "Lovughor" {Harm Stlth+} (You
                  | bought it in a shop on level 1 of the Dungeon)
 14651 | D:5      | Bought a +2 longbow of freezing for 308 gold pieces
 14759 | D:10     | Entered Level 10 of the Dungeon
 14786 | D:10     | Found a transporter.
 14788 | D:10     | Found a transporter.
 14794 | D:10     | Found a glowing golden altar of the Shining One.
 14823 | D:10     | Noticed a white ugly thing
 14831 | D:10     | Noticed cheesebisquit's ghost (novice MiHu)
 14882 | D:10     | Noticed a cyclops
 15007 | D:10     | Noticed Erolcha
 15382 | D:10     | Noticed a tengu warrior
 15397 | D:10     | Killed a tengu warrior
 16269 | D:11     | Noticed a two-headed ogre
 16279 | D:11     | Killed a two-headed ogre
 16479 | D:11     | Noticed Josephine
 16492 | D:11     | Killed Josephine
 16686 | D:11     | Learned a level 2 spell: Blink
 16733 | D:11     | Found Yruth's Jewellery Shop.
 16760 | D:11     | Reached ***** piety under Cheibriados
 17128 | D:11     | Noticed a purple ugly thing
 17180 | D:11     | Killed a purple ugly thing
 17181 | D:11     | Reached XP level 12. HP: 85/94 MP: 21/27
 17330 | D:11     | Noticed a boulder beetle
 17340 | D:11     | Killed a boulder beetle
 17860 | D:12     | Noticed a six-headed hydra
 17872 | D:12     | Killed a six-headed hydra
 18422 | Lair:1   | Entered Level 1 of the Lair of Beasts
 18483 | Lair:1   | Noticed Grum
 18488 | Lair:1   | Killed Grum
 18521 | Lair:1   | Noticed a seven-headed hydra
 18527 | Lair:1   | Killed a seven-headed hydra
 18571 | Lair:1   | Reached skill level 12 in Spellcasting
 18927 | Lair:1   | Learned a level 4 spell: Iskenderun's Mystic Blast
 18934 | Lair:1   | Learned a level 6 spell: Starburst
 19503 | Lair:2   | Reached skill level 10 in Stealth
 19702 | Lair:2   | Reached XP level 13. HP: 101/101 MP: 29/29
 19865 | Lair:2   | Identified a scroll of acquirement
 19866 | Lair:2   | Acquired 740 gold pieces
 20091 | D:4      | Bought a manual of Ranged Weapons for 800 gold pieces
 21808 | Lair:3   | Found a staircase to the Snake Pit.
 21931 | Lair:3   | Noticed Gastronok
 22171 | Lair:3   | Killed Gastronok
 22172 | Lair:3   | Reached skill level 10 in Fighting
 22172 | Lair:3   | Reached skill level 10 in Invocations
 22432 | Lair:3   | Found a staircase to the Shoals.
 22520 | Lair:4   | Reached ****** piety under Cheibriados
 22602 | Lair:4   | Found a viscous altar of Jiyva.
 22602 | Lair:4   | Found a staircase to the Slime Pits.
 23228 | Lair:4   | Reached skill level 10 in Ranged Weapons
 23228 | Lair:4   | Reached XP level 14. HP: 70/110 MP: 24/30
 23244 | Lair:4   | HP: 3/110 [catoblepas (9)]
 24161 | D:4      | Bought a manual of Dodging for 800 gold pieces
 24393 | Lair:5   | Entered Level 5 of the Lair of Beasts
 24437 | Lair:5   | Reached skill level 13 in Spellcasting
 24912 | Lair:5   | Reached skill level 10 in Dodging
 25650 | Lair:5   | Reached skill level 10 in Short Blades
 25650 | Lair:5   | Reached skill level 10 in Long Blades
 25650 | Lair:5   | Reached skill level 10 in Axes
 25650 | Lair:5   | Reached skill level 10 in Maces & Flails
 25650 | Lair:5   | Reached skill level 10 in Polearms
 25650 | Lair:5   | Reached skill level 10 in Staves
 25650 | Lair:5   | Reached skill level 10 in Throwing
 25650 | Lair:5   | Reached skill level 10 in Armour
 25650 | Lair:5   | Reached skill level 10 in Shields
 25650 | Lair:5   | Reached skill level 10 in Unarmed Combat
 25650 | Lair:5   | Reached skill level 10 in Evocations
 26615 | D:13     | Reached XP level 15. HP: 118/118 MP: 32/32
 26660 | D:13     | Identified the +1 halberd of Fortitude {vamp, Will+ Dex+3}
 27795 | D:14     | Found a gate to the Vaults.
 28289 | D:14     | Noticed an orc warlord
 28316 | D:14     | Killed an orc warlord
 29338 | D:15     | Entered Level 15 of the Dungeon
 29338 | D:15     | Found a gate leading to a gauntlet.
 30293 | D:15     | Identified the +5 war axe of Qazlal's Whim {vorpal, rF+
                  | Str+2 Dex+3 Stlth+}
 30761 | Orc:1    | Entered Level 1 of the Orcish Mines
 30761 | Orc:1    | Found Yhogou's Distillery.
 30777 | Orc:1    | Noticed Nergalle
 30783 | Orc:1    | Killed Nergalle
 30789 | Orc:1    | Found a dark tunnel.
 30826 | Volcano  | Entered a volcano
 30851 | Volcano  | Found a bloodstained altar of Trog.
 31478 | Orc:1    | Found Myfoc's Book Shop.
 31485 | Orc:1    | Bought a potion of heal wounds for 55 gold pieces
 31637 | Orc:2    | Entered Level 2 of the Orcish Mines
 32024 | Orc:2    | Found a staircase to the Elven Halls.
 32100 | Orc:2    | Reached skill level 14 in Spellcasting
 32375 | Orc:2    | HP: 4/120 [sun demon[an orc high priest] (14)]
 32375 | Orc:2    | Slain by a sun demon

Illustrated notes

Levels and vault maps discovered:
D:1:      lemuel_arrival_room, layout_rooms, serial_shops, nicolae_shop_trees,
          minmay_indecisive_spiral
D:2:      minmay_evil_eye, layout_loops_corners,
          ebering_ecumenical_altar_abandoned, serial_bayou_lagoon_a
D:3:      layout_loops_ring, serial_shops, shop_statue, shop, shop,
          kennysheep_cross_room
D:4:      layout_loops_cross, nicolae_gozag_zags_fifth_avenue,
          nicolae_shop_self_help, uniq_pikel, uniq_edmund, uniq_duvessa,
          uniq_crazy_yiuf_cottage
D:5:      layout_basic, lemuel_crystal_altar, minmay_temple_entry_overgrown,
          nicolae_sextant, doesnt_shop_hydraphobe
D:6:      layout_loops_ring, tgw_kikubaaqudgha, uniq_sigmund, uniq_blork_the_orc
D:7:      layout_basic, uniq_maggie, uniq_joseph
D:8:      layout_layer_cave, nicolae_uskayaw_suspiria, serial_bayou_pond_e,
          small_statue_alley_b, uniq_erica
D:9:      layout_basic, xom_redecorated, mainiacjoe_overflow_brackets,
          david_lair_generic, david_orc_3, enter_bailey_3, bh_circular_ruins
D:10:     layout_basic, mainiacjoe_overflow_surrounded_room, nzn_ghost_randoct,
          uniq_erolcha
D:11:     layout_small_grid, serial_shops, shop, grunt_tough_drop,
          uniq_josephine
D:12:     layout_rooms
D:13:     layout_roguey, nicolae_twisting_strands
D:14:     orc_temple, layout_loops_corners, erik_vaults_2, lemuel_old_faithful
D:15:     gammafunk_enter_depths_forms, layout_cross, gauntlet_entry_generic,
          serial_bayou_ford_a, grunt_decor_resistance
Temple:   nicolae_temple_bog_church
Lair:1:   layout_loops_ring, lemuel_fruit_fields, uniq_grum
Lair:2:   layout_regular_city, beast_lair_carwin_7, grunt_megastairs_4
Lair:3:   layout_concentric_octagons, minmay_shoals_entry_hut,
          dummy_snake_entry, serial_bayou_shore_b, grunt_megastairs_5,
          uniq_gastronok
Lair:4:   layout_cave_pods, nicolae_slime_entry_slimehenge, lemuel_fruit_tree,
          infiniplex_staircase_pool
Lair:5:   hangedman_lair_tendril_chambers, layout_loops_ring, serial_forest,
          infiniplex_forest_clump_medium, infiniplex_forest_straight_3,
          infiniplex_forest_lined_corner, infiniplex_forest_straight_3,
          infiniplex_forest_straight_4, infiniplex_forest_straight_2,
          infiniplex_forest_lined_corner, infiniplex_forest_pool,
          infiniplex_forest_end_3, infiniplex_staircase_pool_2
Orc:1:    layout_caves, nicolae_volcano_entry_lava_flow, serial_shops, shop,
          nicolae_shop_statue_plus, basic_altar, uniq_nergalle, uniq_fannar
Orc:2:    grunt_orc_tribal_feast, layout_caves, basic_altar, bh_open_orc_temple

Skill      XL: |  1  2  3  4  5  6  7  8  9 10 11 12 13 14 15 |
---------------+----------------------------------------------+-----
Spellcasting   | 10 11 12 13 14 | 14.0
Stealth        | 6 7 8 9 10 11 12 | 12.3
Short Blades   | 1 2 3 5 6 7 8 9 10 | 10.8
Long Blades    | 1 2 3 5 6 7 8 9 10 | 10.8
Axes           | 1 2 3 5 6 7 8 9 10 | 10.8
Maces & Flails | 1 2 3 5 6 7 8 9 10 | 10.8
Polearms       | 1 2 3 5 6 7 8 9 10 | 10.8
Staves         | 1 2 3 5 6 7 8 9 10 | 10.8
Ranged Weapons | 1 2 3 5 6 7 8 10 11 12 | 12.8
Throwing       | 1 2 3 5 6 7 8 9 10 | 10.8
Armour         | 1 2 3 5 6 7 8 9 10 | 10.8
Dodging        | 1 2 3 5 6 7 8 9 10 12 | 12.2
Shields        | 1 2 3 5 6 7 8 9 10 | 10.8
Unarmed Combat | 1 2 3 5 6 7 8 9 10 | 10.8
Evocations     | 1 2 3 5 6 7 8 9 10 | 10.8
Conjurations   | 1 2 3 4 5 6 7 8 9 |  9.1
Hexes          | 1 2 3 4 5 6 7 8 9 |  9.1
Summonings     | 1 2 3 4 5 6 7 8 9 |  9.1
Necromancy     | 1 2 3 4 5 6 7 8 9 |  9.1
Translocations | 1 2 3 4 5 6 7 8 9 |  9.1
Transmutations | 1 2 3 4 5 6 7 8 9 |  9.1
Fire Magic     | 1 2 3 4 5 6 7 8 9 |  9.1
Ice Magic      | 1 2 3 4 5 6 7 8 9 |  9.1
Air Magic      | 1 2 3 4 5 6 7 8 9 |  9.1
Earth Magic    | 1 2 3 4 5 6 7 8 9 |  9.1
Poison Magic   | 1 2 3 4 5 6 7 8 9 |  9.1
Invocations    | 3 4 5 6 7 8 9 10 11 12 | 12.1
Fighting       | 5 6 7 8 9 10 11 | 11.7

Action                   |  1- 3 |  4- 6 |  7- 9 | 10-12 | 13-15 || total
-------------------------+-------+-------+-------+-------+-------++-------
Melee: Dagger            |    25 |       |       |       |       ||    25
       Staff             |    12 |    13 |    61 |    14 |       ||   100
       Bite              |     2 |     1 |    14 |     3 |       ||    20
       Trident           |       |       |    41 |     1 |       ||    42
       Punch             |       |       |     5 |     4 |       ||     9
       Long sword        |       |       |       |    20 |       ||    20
       Longbow           |       |       |       |     1 |     2 ||     3
 Fire: Longbow           |       |       |       |   240 |   849 ||  1089
Throw: Dart              |     2 |       |     7 |     8 |       ||    17
       Boomerang         |       |       |     4 |    22 |       ||    26
 Cast: Sting             |    71 |    86 |   141 |   154 |    11 ||   463
       Ignite Poison     |     2 |     6 |    27 |    47 |       ||    82
       Slow              |       |     3 |    38 |     1 |       ||    42
       Summon Guardian G |       |       |    15 |     9 |     1 ||    25
       Starburst         |       |       |       |       |     1 ||     1
Invok: Slouch            |       |       |       |     2 |    15 ||    17
  Use: Scroll            |       |     3 |     7 |    21 |    15 ||    46
       Potion            |       |       |     1 |     1 |     2 ||     4
Armor: Robe              |    14 |     8 |    14 |       |       ||    36
       Steam dragon scal |       |       |    10 |    91 |     4 ||   105
       Chain mail        |       |       |       |       |   280 ||   280
       Fire dragon scale |       |       |       |       |     5 ||     5
Dodge: Dodged            |    39 |    24 |   114 |   304 |   453 ||   934
